 Dungeon Crawl Stone Soup version 0.31.0-11-ge490571c62 (webtiles) character file.

Game seed: 7704437309776609639

39144 ezpacito the Severer (level 13, -1/107 HPs)
             Began as a Demonspawn Berserker on Feb 1, 2024.
             Was an Elder of Trog.
             Slain by a white ugly thing (17 damage)
             ... on level 14 of the Dungeon.
             The game lasted 00:29:01 (18801 turns).

ezpacito the Severer (Demonspawn Berserker)        Turns: 18801, Time: 00:29:01

Health: -1/107     AC: 35    Str: 21    XL:     13   Next: 67%
Magic:  13/13      EV:  8    Int:  7    God:    Trog [****..]
Gold:   103        SH:  5    Dex: 21    Spells: 12/12 levels left

rFire   . . .        d - +2 battleaxe
rCold   . . .        (shield currently unavailable)
rNeg    . . .        m - +6 plate armour "Vuixeu" {rElec}
rPois   +            (helmet unavailable)
rElec   +            T - +2 cloak {rPois}
rCorr   .            t - +0 pair of gloves
SInv    .            B - +0 pair of boots
Will    ++...        R - amulet of reflection Stlth
                     F - +4 ring of slaying
HPRegen 1.37/turn    O - +6 ring of dexterity
MPRegen 0.13/turn

%: reflection
@: strong-willed, sanguine armoured, on berserk cooldown, regenerating, slowed,
studying Fighting, very slow
A: horns 3, powered by pain 1, spiny 2, sanguine armour 2
a: Renounce Religion, Berserk, Trog's Hand, Brothers in Arms


You were on level 14 of the Dungeon.
You worshipped Trog.
Trog was greatly pleased with you.
You visited 2 branches of the dungeon, and saw 15 of its levels.
You also visited: Bailey and Ice Cave.

You collected 1503 gold pieces.
You spent 1400 gold pieces at shops.

Inventory:

Hand Weapons
 d - a +2 battleaxe (weapon)
 h - a +4 scimitar of flaming
 q - the +1 longbow of Ygiblifyh {heavy, rN+ Stlth+}
   (You took it off a centaur warrior on level 14 of the Dungeon)

   rN+:       It protects you from negative energy.
   Stlth+:    It makes you more stealthy.
 z - a +0 broad axe
 U - the +8 trident of Usuelit {vamp, *Slow rPois rN+ Int+2}
   (You found it on level 12 of the Dungeon)

   Int+2:     It affects your intelligence (+2).
   rPois:     It protects you from poison rN+: It protects you from negative
   energy.
   *Slow:     It may slow you when you take damage.
Missiles
 c - 4 curare-tipped darts (quivered)
 f - 8 javelins
 o - 161 stones
 r - 2 throwing nets
 v - 15 boomerangs
 x - 20 poisoned darts
Armour
 b - the +0 plate armour of Resonance {-Cast +Blink rElec Str+4}
   (You acquired it on level 7 of the Dungeon)

   Str+4:     It affects your strength (+4).
   rElec:     It insulates you from electricity.
   +Blink:    It lets you blink.
   -Cast:     It prevents spellcasting.
 m - the +6 plate armour "Vuixeu" (worn) {rElec}
   (You bought it in a shop on level 7 of the Dungeon)

   rElec:     It insulates you from electricity.
 t - a +0 pair of gloves (worn)
 B - a +0 pair of boots (worn)
 T - a +2 cloak of poison resistance (worn)
Jewellery
 n - a +6 ring of dexterity
 A - a ring of flight
 F - a +4 ring of slaying (left hand)
 L - a ring of willpower
 O - a +6 ring of dexterity (right hand)
 Q - an amulet of the acrobat
 R - an amulet of reflection (around neck)
Talismans
 a - a flux talisman
 E - a dragon-blood talisman
Wands
 u - a wand of digging (6)
 y - a wand of flame (29)
 D - a wand of iceblast (13)
 M - a wand of mindburst (14)
 W - a wand of charming (3)
Scrolls
 e - 2 scrolls of immolation
 g - 2 scrolls of silence
 p - a scroll of identify
 w - 3 scrolls of poison
 I - a scroll of fog
 K - a scroll of torment
 P - 3 scrolls of enchant armour
Potions
 i - 2 potions of attraction
 j - 2 potions of haste
 k - 2 potions of might
 C - a potion of magic
 G - a potion of lignification
 J - 4 potions of mutation
 S - a potion of enlightenment
Miscellaneous
 l - a tin of tremorstones (2/2)


   Skills:
 * Level 11.8 Fighting
 + Level 0.7 Long Blades
 * Level 15.3 Axes
 * Level 9.6 Armour
 + Level 3.2 Dodging
 * Level 6.9 Stealth
 + Level 0.4 Shields
 * Level 6.5 Unarmed Combat
 * Level 6.6 Evocations
 * Level 5.6 Shapeshifting


You had 12 spell levels left.
You didn't know any spells.
Your spell library contained the following spells:

 Spells                   Type           Power      Damage    Failure   Level
 Magic Dart               Conj           0%         1d3       100%        1
 Ensorcelled Hibernation  Hex/Ice        0%         N/A       100%        2
 Searing Ray              Conj           0%         2d4       100%        2
 Fugue of the Fallen      Necr           0%         N/A       100%        3
 Gell's Gravitas          Tloc           0%         N/A       100%        3
 Hailstorm                Conj/Ice       0%         3d5       100%        3
 Ozocubu's Armour         Ice            0%         N/A       100%        3
 Summon Ice Beast         Ice/Summ       0%         N/A       100%        3
 Teleport Other           Tloc           0%         N/A       100%        3
 Anguish                  Hex/Necr       0%         N/A       100%        4
 Fulminant Prism          Conj/Alch      0%         3d5       100%        4
 Metabolic Englaciation   Hex/Ice        0%         N/A       100%        5
 Dispersal                Tloc           0%         N/A       100%        6
 Sculpt Simulacrum        Ice/Alch       0%         N/A       100%        6


Dungeon Overview and Level Annotations

Branches:
Dungeon (14/15)            Temple (1/1) D:6            Lair (0/5) D:10
    Orc (0/2) D:10         Vaults (0/5) D:13         Bailey (visited)
  IceCv (visited)

Altars:
Ashenzari
Cheibriados
Dithmenos
Fedhas
Gozag
Hepliaklqana
Kikubaaqudgha
Makhleb
Nemelex Xobeh
Okawaru
Qazlal
Ru
Sif Muna
Trog
Uskayaw
Vehumet
Wu Jian
Xom
Yredelemnul

Shops:
D:7 [

Annotations:
Temple 2 transporters


Innate Abilities, Weirdness & Mutations

You have a pair of large horns on your head.
You sometimes gain a little power by taking damage.
You are mostly covered in sharp spines.
When seriously injured, your blood forms thick armour. (AC +9)


Message History

The red ugly thing attacks as it pursues you!
The red ugly thing bites you!
* * * LOW HITPOINT WARNING * * *
You are engulfed in flames!
* * * LOW HITPOINT WARNING * * *
The cyan ugly thing basks in the mutagenic energy from its kin and changes!
You block the cyan ugly thing's attack.
The red ugly thing bites you but does no damage.
Okay, then.
Okay, then.
Okay, then.
Your skin crawls.
You feel strong-willed.
The cyan ugly thing kicks you but does no damage.
The white ugly thing closely misses you.
The red ugly thing basks in the mutagenic energy from its kin and changes!
The cyan ugly thing is struck by your spines.
The cyan ugly thing kicks you but does no damage.
You feel a little less agile now.
The white ugly thing basks in the mutagenic energy from its kin and changes!
The white ugly thing is struck by your spines.
The white ugly thing trunk-slaps you but does no damage.
The white ugly thing basks in the mutagenic energy from its kin and changes! x2
You block the cyan ugly thing's attack.
A cyan ugly thing comes into view.
The cyan ugly thing gurgles horribly!
A cyan ugly thing comes into view.
The cyan ugly thing attacks as it pursues you!
The cyan ugly thing closely misses you.
The white ugly thing claws you but does no damage.
The cyan ugly thing kicks you but does no damage.
A cyan ugly thing comes into view.
The cyan ugly thing gurgles horribly!
A cyan ugly thing comes into view.
The white ugly thing attacks as it pursues you!
The white ugly thing is struck by your spines.
The white ugly thing claws you!
* * * LOW HITPOINT WARNING * * *
The white ugly thing freezes you!
You die...

#..$.##....###.....
............?...#.......
........................
........................
....................u..u
.......................u
..........)........u....
.......†).....u..<......
..........)....u@.......
......)......uu..........
.............u................
.............................
.............................
....#.........##............
#.........................#
#........................#
#......####...[.........#


You could see 9 ugly things.

Vanquished Creatures
  The ghost of collin38 the Warrior, a journeyman MiBe of Trog (D:12)
  A stone giant (D:12)
  A yaktaur captain (D:11)
  3 boulder beetles
  An ice dragon (IceCv)
  2 hydras (D:11)
  5 centaur warriors
  5 two-headed ogres
  A necromancer (D:13)
  A deep elf zephyrmancer (D:13)
  A deep elf pyromancer (D:12)
  An orc knight (D:13)
  6 ugly things
  An orc sorcerer (Bailey)
  3 cyclopes
  A manticore (D:11)
  5 slime creatures (D:12)
  2 ice statues (IceCv)
  2 gargoyles
  Joseph (D:8)
  The ghost of SuperJoe the Twirler, a novice OpRe (D:5)
  An unseen horror (D:11)
  4 kobold demonologists
  4 rime drakes (IceCv)
  3 efreet
  2 komodo dragons
  A troll (shapeshifter) (D:13)
  9 trolls
  3 shadows
  2 vampires
  2 wyverns
  5 wraiths
  14 yaks
  6 vampire mosquitoes
  3 basilisks
  3 steam dragons
  A warg (D:10)
  3 acid dragons
  A water moccasin (D:7)
  4 black bears
  A swamp drake (D:10)
  An ice beast (D:7)
  A sky beast (D:4)
  20 orc warriors
  2 wolves (D:10)
  An ogre (D:5)
  4 boggarts (D:14)
  8 centaurs
  A kobold brigand (D:11)
  A bullfrog (D:7)
  3 gnoll sergeants
  8 scorpions
  10 wights
  A lindwurm simulacrum (IceCv)
  5 killer bees
  7 howler monkeys
  2 electric eels (Bailey)
  A bombardier beetle (D:2)
  A jelly (D:6)
  10 komodo dragon simulacra (IceCv)
  11 orc priests
  A hound (D:5)
  2 sleepcaps
  4 iguanas
  15 orc wizards
  17 adders
  9 gnolls
  2 acid dragon simulacra (IceCv)
  A shadow imp (D:6)
  13 white imps
  8 steam dragon simulacra (IceCv)
  2 ribbon worms (D:2)
  A dart slug (D:2)
  46 orcs
  2 ball pythons
  5 endoplasms (D:1)
  4 giant cockroaches
  16 goblins
  7 hobgoblins
  18 jackals
  6 quokkas
  10 bats
  A frilled lizard (D:1)
  9 kobolds
  3 rats
417 creatures vanquished.

Vanquished Creatures (others)
  A centaur simulacrum (D:12)
  A laughing skull (D:11)
  A butterfly (D:7)
3 creatures vanquished.

Grand Total: 420 creatures vanquished

Notes
Turn   | Place    | Note
-------+----------+-------------------------------------------
     0 | D:1      | ezpacito the Demonspawn Berserker began the quest for the
                  | Orb.
     0 | D:1      | Reached XP level 1. HP: 18/18 MP: 1/1
   186 | D:1      | Gained mutation: You are partially covered in sharp spines.
                  | [demonic ancestry]
   186 | D:1      | Reached XP level 2. HP: 18/24 MP: 2/2
   236 | D:1      | Reached skill level 3 in Axes
   991 | D:1      | Reached skill level 1 in Unarmed Combat
   991 | D:1      | Gained mutation: You are mostly covered in sharp spines.
                  | [demonic ancestry]
   991 | D:1      | Reached XP level 3. HP: 17/29 MP: 3/3
  1141 | D:2      | Reached ** piety under Trog
  1258 | D:2      | Gained mutation: When seriously injured, your blood forms
                  | armour. (AC +9) [demonic ancestry]
  1258 | D:2      | Reached XP level 4. HP: 11/35 MP: 4/4
  1260 | D:2      | HP: 1/52 [burnt (3)]
  1472 | D:2      | Found a faded altar of an unknown god.
  1585 | D:2      | Found a sacrificial altar of Ru.
  1871 | D:2      | Reached XP level 5. HP: 41/41 MP: 5/5
  1875 | D:2      | Reached skill level 1 in Stealth
  2540 | D:3      | Identified a scroll of acquirement
  2975 | D:4      | Found a stormy altar of Qazlal.
  2975 | D:4      | Noticed a sky beast
  2982 | D:4      | Killed a sky beast
  2983 | D:4      | Reached skill level 4 in Axes
  2983 | D:4      | Gained mutation: When seriously injured, your blood forms
                  | thick armour. (AC +9) [demonic ancestry]
  2983 | D:4      | Reached XP level 6. HP: 40/47 MP: 6/6
  3338 | D:4      | Reached XP level 7. HP: 49/53 MP: 7/7
  3364 | D:4      | Reached *** piety under Trog
  3784 | D:4      | Reached skill level 5 in Axes
  3972 | D:5      | Entered Level 5 of the Dungeon
  4015 | D:5      | Found a snail-covered altar of Cheibriados.
  4831 | D:5      | Found a runed translucent gate.
  4831 | D:5      | Found a runed translucent gate.
  4831 | D:5      | Found a runed translucent gate.
  4831 | D:5      | Noticed SuperJoe's ghost (novice OpRe)
  5306 | D:6      | Gained mutation: You have a pair of small horns on your
                  | head. [demonic ancestry]
  5306 | D:6      | Reached XP level 8. HP: 54/60 MP: 8/8
  5561 | D:6      | Reached skill level 6 in Axes
  5733 | D:6      | Found a staircase to the Ecumenical Temple.
  5743 | Temple   | Found a transporter.
  5743 | Temple   | Found a transporter.
  5743 | Temple   | Found a transporter.
  5743 | Temple   | Found a transporter.
  5743 | Temple   | Entered the Ecumenical Temple
  6027 | D:7      | Found a flagged portal.
  6040 | D:7      | Reached skill level 1 in Evocations
  6091 | Bailey   | Entered a bailey
  6127 | Bailey   | Reached skill level 5 in Armour
  6294 | Bailey   | Reached skill level 1 in Shapeshifting
  6392 | Bailey   | Noticed a kobold demonologist
  6394 | Bailey   | Noticed a sun demon
  6396 | Bailey   | Noticed an orc sorcerer
  6400 | Bailey   | Noticed an orange demon
  6402 | Bailey   | Noticed a rust devil
  6404 | Bailey   | Killed a kobold demonologist
  6405 | Bailey   | Reached skill level 7 in Axes
  6405 | Bailey   | Reached XP level 9. HP: 62/66 MP: 9/9
  6408 | Bailey   | Killed an orc sorcerer
  6408 | Bailey   | Reached **** piety under Trog
  6414 | Bailey   | Found an iron altar of Okawaru.
  6494 | Bailey   | Identified the +1 leather armour of Lilacs {rN+ Dex+3}
  6570 | Bailey   | Reached skill level 5 in Fighting
  7057 | Bailey   | Reached skill level 8 in Axes
  7390 | D:7      | Acquired a manual of Axes
  7395 | D:7      | Acquired the +0 plate armour of Resonance {-Cast +Blink
                  | rElec Str+4}
  7602 | D:7      | HP: 3/68 [poisoned by a gnoll sergeant]
  7912 | D:7      | Found Bebuuxt's Antique Armour Shoppe.
  8007 | D:7      | Found a broken altar of Ashenzari.
  8268 | D:7      | Gained mutation: You sometimes gain a little power by
                  | taking damage. [demonic ancestry]
  8268 | D:7      | Reached XP level 10. HP: 58/75 MP: 10/10
  9083 | D:8      | Noticed Joseph
  9095 | D:8      | Reached skill level 9 in Axes
  9102 | D:8      | Killed Joseph
  9451 | D:8      | Found a radiant altar of Vehumet.
  9713 | D:8      | Found a shimmering blue altar of Sif Muna.
 10198 | D:9      | Found a burning altar of Makhleb.
 10222 | D:9      | Noticed a two-headed ogre
 10230 | D:9      | Reached skill level 10 in Axes
 10231 | D:9      | Killed a two-headed ogre
 10376 | D:9      | Gained mutation: You have a pair of horns on your head.
                  | [demonic ancestry]
 10376 | D:9      | Reached XP level 11. HP: 36/84 MP: 11/11
 11067 | D:10     | Entered Level 10 of the Dungeon
 11163 | D:10     | Found a staircase to the Lair.
 11180 | D:10     | Reached skill level 11 in Axes
 11832 | D:10     | Noticed a two-headed ogre
 11841 | D:10     | Killed a two-headed ogre
 11939 | D:10     | Found a shimmering altar of Xom.
 12014 | D:10     | Reached ***** piety under Trog
 12053 | D:10     | Reached skill level 5 in Stealth
 12053 | D:10     | Reached skill level 5 in Evocations
 12067 | D:10     | Found a staircase to the Orcish Mines.
 12328 | D:11     | Found a frozen archway.
 12425 | IceCv    | Entered an ice cave
 12661 | IceCv    | Reached skill level 12 in Axes
 12661 | IceCv    | Reached skill level 5 in Unarmed Combat
 13036 | IceCv    | Noticed an ice dragon
 13048 | IceCv    | Killed an ice dragon
 13589 | D:11     | Reached skill level 13 in Axes
 13672 | D:11     | Noticed a yaktaur captain
 13681 | D:11     | Reached XP level 12. HP: 91/94 MP: 12/12
 13681 | D:11     | Killed a yaktaur captain
 13891 | D:11     | Noticed a two-headed ogre
 13898 | D:11     | Killed a two-headed ogre
 14069 | D:11     | Noticed a centaur warrior
 14073 | D:11     | Killed a centaur warrior
 14400 | D:11     | Noticed a boulder beetle
 14424 | D:11     | Killed a boulder beetle
 14557 | D:11     | Reached skill level 14 in Axes
 14573 | D:11     | Noticed a two-headed ogre
 14578 | D:11     | Killed a two-headed ogre
 14608 | D:11     | Noticed a boulder beetle
 14633 | D:11     | HP: 7/145 [boulder beetle (14)]
 14635 | D:11     | Reached skill level 10 in Fighting
 14635 | D:11     | Reached skill level 5 in Shapeshifting
 14635 | D:11     | Killed a boulder beetle
 14882 | D:11     | Noticed a six-headed hydra
 14887 | D:11     | Killed a two-headed hydra
 14938 | D:11     | Noticed a six-headed hydra
 14947 | D:11     | Killed a three-headed hydra
 15627 | D:7      | Bought a brightly glowing plate armour for 980 gold pieces
 15627 | D:7      | Identified the +6 plate armour "Vuixeu" {rElec} (You bought
                  | it in a shop on level 7 of the Dungeon)
 15898 | D:12     | Gained mutation: You have a pair of large horns on your
                  | head. [demonic ancestry]
 15898 | D:12     | Reached XP level 13. HP: 104/104 MP: 13/13
 16026 | D:12     | Identified the +8 trident of Usuelit {vamp, *Slow rPois rN+
                  | Int+2}
 16132 | D:12     | Noticed a stone giant
 16133 | D:12     | Found a runed translucent gate.
 16133 | D:12     | Found a runed translucent gate.
 16133 | D:12     | Noticed collin38's ghost (journeyman MiBe)
 16134 | D:12     | Found a runed translucent gate.
 16738 | D:5      | Killed SuperJoe's ghost
 16867 | D:7      | Bought a runed orb for 420 gold pieces
 16998 | D:12     | Killed a stone giant
 17007 | D:12     | Killed collin38's ghost
 17878 | D:13     | Found a gate to the Vaults.
 17886 | D:13     | Reached skill level 15 in Axes
 18757 | D:14     | Identified the +1 longbow of Ygiblifyh {heavy, rN+ Stlth+}
 18801 | D:14     | Slain by a white ugly thing

Illustrated notes

Levels and vault maps discovered:
D:1:      dpeg_arrival_rooms_c, layout_loops_cross, minmay_octomino_e4
D:2:      layout_loops_cross, shapermc_ecumenical_altar_ellora, basic_altar,
          chequers_serial_rivers_micro_d, grunt_decor_fettered
D:3:      layout_basic
D:4:      old_forge, layout_loops_ring, nicolae_qazlal_beasts_of_the_sky,
          zin_scriptorium
D:5:      layout_layer_cave, kennysheep_little_box, ebering_ghost_rock_garden
D:6:      layout_basic, minmay_temple_entry_poolview
D:7:      layout_basic, nicolae_ashenzari_panopticon,
          nicolae_elyvilon_peaceful_grove, serial_shops,
          nicolae_shop_tiny_real_fake_doors, enter_bailey_3, minivault_1,
          kennysheep_generic_room_6
D:8:      layout_loops_cross, tgw_sif, mainiacjoe_overflow_24_doors, uniq_joseph
D:9:      layout_gridville, bloody_makhleb
D:10:     layout_basic, mainiacjoe_overflow_alcove_2, erik_lair_orcish_takeover,
          erik_orc_1
D:11:     minmay_the_grid_3x3 [minmay_the_grid_outer_circle,
          minmay_the_grid_embedded, minmay_the_grid_mess,
          minmay_the_grid_square_x, minmay_the_grid_paths,
          minmay_the_grid_doors, minmay_the_grid_diamond_grid,
          minmay_the_grid_eight, minmay_the_grid_prize_four_corners],
          layout_grid_maze, portal_ice_cave_entry_imps, minmay_diced_spiral
D:12:     layout_long_grid, gammafunk_ghost_split, grunt_ministairs_8
D:13:     layout_irregular_city, david_vaults_1
D:14:     layout_cross, nicolae_trove_entry_path_of_doom,
          minmay_misc_feat_enclosed
Temple:   hellmonk_temple_divided_pantheon

Skill      XL: |  1  2  3  4  5  6  7  8  9 10 11 12 13 |
---------------+----------------------------------------+-----
Axes           | 3 4 5 7 8 10 13 14 15 | 15.3
Unarmed Combat | 1 2 3 4 5 6 |  6.5
Armour         | 2 3 4 5 6 7 8 9 |  9.6
Dodging        | 2 3 |  3.2
Stealth        | 1 2 3 4 5 6 |  6.9
Fighting       | 4 5 7 8 10 11 | 11.8
Evocations     | 1 3 4 5 6 |  6.6
Shapeshifting  | 1 2 3 4 5 |  5.6
Long Blades    | |  0.7
Shields        | |  0.4

Action                     |  1- 3 |  4- 6 |  7- 9 | 10-12 | 13-15 || total
---------------------------+-------+-------+-------+-------+-------++-------
  Melee: Hand axe          |    97 |    51 |       |       |       ||   148
         War axe           |       |    28 |   121 |       |       ||   149
         Headbutt          |       |       |    38 |    97 |    41 ||   176
         Punch             |       |       |     5 |       |       ||     5
         Broad axe         |       |       |    46 |       |       ||    46
         Battleaxe         |       |       |    32 |   427 |   130 ||   589
         Scimitar          |       |       |       |     7 |       ||     7
 Invoke: Berserk           |     1 |       |     6 |    19 |     5 ||    31
         Trog's Hand       |       |       |       |     4 |     3 ||     7
         Brothers in Arms  |       |       |       |     2 |     1 ||     3
  Evoke: Wand              |       |       |       |     6 |       ||     6
    Use: Potion            |     1 |       |     3 |    11 |       ||    15
         Scroll            |       |    12 |    11 |     6 |     4 ||    33
   Stab: Sleeping          |     1 |       |       |       |       ||     1
 Armour: Animal skin       |    20 |       |       |       |       ||    20
         Ring mail         |    26 |    16 |       |       |       ||    42
         Scale mail        |       |    28 |    35 |       |       ||    63
         Chain mail        |       |       |   121 |       |       ||   121
         Plate armour      |       |       |    50 |   528 |   192 ||   770
         Skin              |       |       |       |     5 |       ||     5
  Dodge: Dodged            |    58 |    44 |    80 |   176 |    73 ||   431
  Block: Other             |       |       |       |     7 |    27 ||    34
         Reflection        |       |       |       |       |     3 ||     3
